 Dungeon Crawl Stone Soup version 0.29-a0-40-g8eb35efe60 (webtiles) character file.

Game seed: 15742061293267494120

16338 flyleaff the Basher (level 12, -1/104 HPs)
             Began as a Ghoul Monk on Feb 2, 2022.
             Was a High Priest of Cheibriados.
             Slain by a minotaur (9 damage)
             ... in a Gauntlet.
             The game lasted 00:41:09 (12783 turns).

flyleaff the Basher (Ghoul Monk)                   Turns: 12783, Time: 00:41:09

Health: -1/104     AC: 23    Str: 35    XL:     12   Next: 36%
Magic:  25/25      EV: 16    Int: 18    God:    Cheibriados [*****.]
Gold:   534        SH:  0    Dex: 34    Spells: 1/11 levels left

rFire   . . .      SeeInvis .   i - +10 mace of the Lusting Penguin {protect, rC+ Str+2 Dex+4}
rCold   + + .      Faith    .   C - +2 kite shield
rNeg    + + +      Spirit   .   o - +2 scale mail {Will+}
rPois   ∞          Reflect  .   j - +1 hat {Will+}
rElec   .          Harm     .   c - +2 cloak
rCorr   .          Rampage  .   (no gloves)
Will    ++...      NoTele   +   y - +0 pair of boots
Stlth   ..........              g - amulet of the acrobat
HPRegen 0.00/turn               f - +6 ring of dexterity
MPRegen 0.19/turn               p - ring of magical power

@: confused, ambrosia-drunk, under a protective aura, inhibited regen, very slow
A: claws 1, cold resistance 1, negative energy resistance 3, inhibited
regeneration, torment resistance 2
a: Renounce Religion, Bend Time, Temporal Distortion, Slouch, Step From Time


You were in a Gauntlet.
You worshipped Cheibriados.
Cheibriados was extremely pleased with you.
You visited 3 branches of the dungeon, and saw 12 of its levels.
You also visited: Gauntlet.

You collected 534 gold pieces.

Inventory:

Hand Weapons
 h - the +6 mace of Embarrassment {vorpal, *Slow rElec Str+4 SInv}
   (You found it on level 2 of the Dungeon)

   It inflicts extra damage upon your enemies.
   Str:       It affects your strength (+4).
   rElec:     It insulates you from electricity.
   SInv:      It lets you see invisible.
   *Slow:     It may slow you when you take damage.
 i - the +10 mace of the Lusting Penguin (weapon) {protect, rC+ Str+2 Dex+4}
   (You found it on level 2 of the Dungeon)

   It grants its wielder temporary protection when it strikes (+7 to AC).
   Str:       It affects your strength (+2).
   Dex:       It affects your dexterity (+4).
   rC:        It protects you from cold.
Missiles
 k - 24 poisoned darts (quivered)
 r - a throwing net
Armour
 c - a +2 cloak (worn)
 j - a +1 hat of willpower (worn)
 o - a +2 scale mail of willpower (worn)
 x - a +2 robe of the Archmagi
 y - a +0 pair of boots (worn)
 C - a +2 kite shield (worn)
 D - a scarf of invisibility
 F - a +2 pair of boots of rampaging
Magical Staves
 t - a staff of conjuration
Jewellery
 f - a +6 ring of dexterity (left claw)
 g - an amulet of the acrobat (around neck)
 p - a ring of magical power (right claw)
Wands
 b - a wand of digging (8)
 m - a wand of paralysis (8)
 q - a wand of flame (21)
Scrolls
 d - a scroll of enchant weapon
 n - a scroll of enchant armour
 u - a scroll of teleportation
 w - a scroll of immolation
 B - a scroll of identify
 E - a scroll of magic mapping
Potions
 a - a potion of brilliance
 e - a potion of cancellation
 s - 2 potions of resistance
 A - 7 potions of ambrosia
Miscellaneous
 z - a phantom mirror (inert)


   Skills:
 - Level 9.0 Fighting
 - Level 10.6 Maces & Flails
 - Level 9.8 Armour
 - Level 6.3 Dodging
 - Level 2.1 Stealth
 - Level 4.2 Unarmed Combat
 + Level 7.6 Invocations


You had one spell level left.
You knew the following spells:

 Your Spells              Type           Power      Damage    Failure   Level
a - Leda's Liquefaction   Hex/Erth       0%         N/A       100%        4
b - Summon Ice Beast      Ice/Summ       0%         N/A       100%        4
c - Passwall              Tmut/Erth      0%         N/A       90%         2

Your spell library contained the following spells:

 Spells                   Type           Power      Damage    Failure   Level
 Call Canine Familiar     Summ           0%         N/A       99%         3
 Tukima's Dance           Hex            0%         N/A       99%         3
 Passage of Golubria      Tloc           0%         N/A       100%        4
 Iskenderun's Battlesphe  Conj           0%         2d6       100%        5
 Lee's Rapid Deconstruct  Erth           0%         3d5*      100%        5
 Silence                  Hex/Air        0%         N/A       100%        5
 Summon Mana Viper        Hex/Summ       0%         N/A       100%        5
 Yara's Violent Unravell  Hex/Tmut       0%         3d3       100%        5
 Iron Shot                Conj/Erth      0%         9d1       100%        6
 Monstrous Menagerie      Summ           0%         N/A       100%        7
 Spellforged Servitor     Conj/Summ      0%         N/A       100%        7
 Summon Hydra             Summ           0%         N/A       100%        7
 Lehudib's Crystal Spear  Conj/Erth      0%         10d2      100%        8
 Summon Horrible Things   Summ           0%         N/A       100%        8
 Statue Form              Tmut/Erth      Unusable   N/A       N/A         6

Dungeon Overview and Level Annotations

Branches:
Dungeon (9/15)             Temple (1/1) D:7            Lair (2/6) D:9
    Orc (0/2) D:9         Gauntlet (1/1)
  Swamp: Lair:2-4    Shoals: Lair:2-4     Snake: Lair:2-4    Spider: Lair:2-4

Altars:
Ashenzari
Cheibriados
Dithmenos
Elyvilon
Fedhas
Gozag
Hepliaklqana
Kikubaaqudgha
Nemelex Xobeh
Okawaru
Qazlal
Ru
Sif Muna
Trog
Uskayaw
Vehumet
Wu Jian
Xom
Yredelemnul
Zin
The Shining One
Beogh

Shops:
D:8 *

Annotations:
Gauntlet 6 transporters, 2 runed translucent doors


Innate Abilities, Weirdness & Mutations

You thrive by killing the living.
You are immune to poison.
You have sharp fingernails.
Your flesh is cold resistant. (rC+)
You are immune to negative energy. (rN+++)
You do not regenerate when monsters are visible.
You are immune to unholy pain and torment.


Message History

The minotaur gores you but does no damage.
Unknown command.
Unknown command.
Unknown command.
As you read the scroll of fear, it crumbles to dust.
You assume a fearsome visage.
The minotaur looks frightened!
Throw: 25 darts (poison)
Press: ? - help, Q - select action, (/) - cycle Shift-Dir - straight line, f - minotaur
Aim: a minotaur, wielding the +5 whip "Folorur" {drain, Str+7 Dex+2}, wearing a +0 chain mail and quivering javelins (moderately wounded, fleeing, 79% to hit)
You throw a poisoned dart. The poisoned dart hits the minotaur.
Your attack snaps the minotaur out of its fear.
The minotaur is moderately wounded.
You completely miss the minotaur.
The minotaur is moderately wounded.
The minotaur hits you with the +5 whip "Folorur" {drain, Str+7 Dex+2}.
* * * LOW HITPOINT WARNING * * *
You block the minotaur's attack.
You feel stronger.
You feel agile.
The +10 mace of the Lusting Penguin {protect, rC+ Str+2 Dex+4} hums with potential!
i - the +10 mace of the Lusting Penguin (weapon)
{protect, rC+ Str+2 Dex+4} You sock the minotaur!
Your weapon exudes an aura of protection.
The minotaur is heavily wounded.
You block the minotaur's attack.
The minotaur gores you but does no damage.
You feel better.
The minotaur hits you with the +5 whip "Folorur" {drain, Str+7 Dex+2}!!
* * * LOW HITPOINT WARNING * * *
You block the minotaur's attack.
You are confused.
You feel invigorated.
The minotaur hits you with the +5 whip "Folorur" {drain, Str+7 Dex+2}.
* * * LOW HITPOINT WARNING * * *
The minotaur gores you.
* * * LOW HITPOINT WARNING * * *
Unknown command.
You hit the minotaur.
The minotaur is heavily wounded.
The minotaur completely misses you. The minotaur gores you!
You die...

#####≈..#[##.
######..###..#..##
#...##..##≈..#§.#.
#.#.##..###..#..##
#.#.....##≈..#.##.
#.#.##..###..#..#. ###
#...##....#..#...#
#..⌠.##.#.##...©#..#####
+⌠...(H@#.......#.......
#...∩##.#.##....#.∩.....
#.⌠ #...##...©#..##### #
#.#.##....#..##..#
#.#.....###..#[##.
#.#.##..##≈..#!#.# #..
#.. ##..#©#.© ###
#§..#).#. ##..#..##


You could see a minotaur.

Vanquished Creatures
  Gastronok (D:9)
  3 hydras (Lair:1)
  A tengu warrior (Gauntlet)
  Pikel (D:4)
  Joseph (D:9)
  6 cane toads (Lair:1)
  Maggie (D:9)
  Psyche (D:9)
  A tengu conjurer (Gauntlet)
  A troll (D:9)
  Prince Ribbit (D:8)
  2 queen bees
  4 blink frogs (Lair:1)
  2 raiju (Gauntlet)
  A hornet (D:9)
  A shadow (D:8)
  2 wyverns
  8 yaks (Lair:1)
  A steam dragon (D:6)
  4 vampire mosquitoes (D:8)
  Edmund (D:4)
  4 water moccasins
  An ice beast (D:7)
  A sky beast (D:7)
  2 black bears (D:6)
  10 wolves
  An ogre (D:6)
  A kobold brigand (D:9)
  3 lemures (D:4)
  A wyvern zombie (D:8)
  4 bullfrogs
  2 gnoll sergeants
  3 scorpions
  31 killer bees
  3 wights (D:9)
  4 howler monkeys
  3 electric eels (D:9)
  A lava snake (D:9)
  A jelly (D:3)
  4 orc priests
  Crazy Yiuf (D:2)
  A bullfrog zombie (D:6)
  6 hounds
  4 centaur zombies
  5 iguanas
  2 lightning spires (Gauntlet)
  5 orc wizards
  Natasha (thrice) (D:3)
  13 gnolls
  6 adders
  2 shadow imps (D:7)
  2 dart slugs
  26 orcs
  An endoplasm (D:3)
  3 giant cockroaches
  4 goblins
  3 hobgoblins
  6 jackals
  5 kobolds
  6 quokkas
  3 ball pythons
  6 bats
  2 frilled lizards (D:3)
  A quokka skeleton (D:4)
  5 rats
245 creatures vanquished.

Vanquished Creatures (others)
  2 demonic plants (D:2)
  10 fungi
  24 plants
36 creatures vanquished.

Grand Total: 281 creatures vanquished

Notes
Turn   | Place    | Note
-------+----------+-------------------------------------------
     0 | D:1      | flyleaff the Ghoul Monk began the quest for the Orb.
     0 | D:1      | Reached XP level 1. HP: 19/19 MP: 0/0
   251 | D:1      | Reached XP level 2. HP: 26/26 MP: 1/1
   854 | D:2      | Found a faded altar of an unknown god.
   854 | D:2      | Noticed a rust devil
   959 | D:2      | Reached XP level 3. HP: 30/31 MP: 2/2
  1172 | D:2      | Found a runed translucent door.
  1312 | D:2      | Noticed Crazy Yiuf
  1320 | D:2      | Killed Crazy Yiuf
  1321 | D:2      | Reached skill level 1 in Armour
  1321 | D:2      | Reached XP level 4. HP: 15/40 MP: 3/3
  1324 | D:2      | Identified the +10 mace of the Lusting Penguin {protect,
                  | rC+ Str+2 Dex+4}
  1325 | D:2      | Identified the +6 mace of Embarrassment {vorpal, *Slow
                  | rElec Str+4 SInv}
  1629 | D:3      | Noticed Natasha
  1641 | D:3      | Killed Natasha
  1642 | D:3      | Reached skill level 1 in Maces & Flails
  1764 | D:3      | Noticed Natasha
  1791 | D:3      | Killed Natasha
  1792 | D:3      | Reached skill level 2 in Maces & Flails
  1792 | D:3      | Reached XP level 5. HP: 41/46 MP: 4/4
  1962 | D:3      | Reached skill level 3 in Maces & Flails
  2213 | D:3      | Found a bloodstained altar of Trog.
  2244 | D:3      | Noticed Natasha
  2255 | D:3      | Killed Natasha
  3152 | D:4      | Reached XP level 6. HP: 42/52 MP: 5/5
  3225 | D:4      | Reached skill level 4 in Maces & Flails
  3373 | D:4      | Noticed Pikel
  3405 | D:4      | Killed Pikel
  3406 | D:4      | Reached skill level 5 in Maces & Flails
  3406 | D:4      | Reached XP level 7. HP: 28/58 MP: 6/6
  3833 | D:4      | Noticed Edmund
  3846 | D:4      | Killed Edmund
  3847 | D:4      | Reached XP level 8. HP: 52/66 MP: 7/7
  3943 | D:5      | Entered Level 5 of the Dungeon
  3969 | D:5      | Reached skill level 6 in Maces & Flails
  4098 | D:5      | Found a shimmering blue altar of Sif Muna.
  4112 | D:5      | Found a runed translucent door.
  4117 | D:5      | Found a basalt altar of Yredelemnul.
  4318 | D:5      | Reached skill level 5 in Armour
  4353 | D:5      | Found a blossoming altar of Fedhas.
  4356 | D:5      | Found a radiant altar of Vehumet.
  4366 | D:5      | Found a hazy altar of Hepliaklqana.
  4368 | D:5      | Identified the +2 falchion "Ydor" {vorpal, rF++ Will- rCorr
                  | Stlth+}
  4843 | D:6      | Found a sacrificial altar of Ru.
  4944 | D:6      | Reached skill level 7 in Maces & Flails
  5210 | D:6      | Reached XP level 9. HP: 71/71 MP: 8/8
  5626 | D:7      | Found a staircase to the Ecumenical Temple.
  5635 | Temple   | Entered the Ecumenical Temple
  5802 | Temple   | Became a worshipper of Cheibriados the Contemplative
  5802 | Temple   | Reached * piety under Cheibriados
  5802 | Temple   | Reached ** piety under Cheibriados
  6061 | D:7      | Reached skill level 8 in Maces & Flails
  6551 | D:8      | HP: 2/71 [vampire mosquito (3)]
  6886 | D:8      | Learned a level 4 spell: Leda's Liquefaction
  7096 | D:8      | Found Newuer's Neck Hole.
  7267 | D:8      | Reached *** piety under Cheibriados
  7310 | D:8      | Reached XP level 10. HP: 50/80 MP: 9/9
  7455 | D:8      | Noticed Prince Ribbit
  7463 | D:8      | Killed Prince Ribbit
  7464 | D:8      | Reached skill level 5 in Fighting
  7464 | D:8      | Reached skill level 9 in Maces & Flails
  8466 | D:9      | Noticed Joseph
  8472 | D:9      | Noticed Maggie
  8824 | D:9      | Killed Maggie
  8828 | D:9      | Killed Joseph
  8959 | D:9      | Noticed Psyche
  8967 | D:9      | Killed Psyche
  9138 | D:9      | Found a staircase to the Orcish Mines.
  9168 | D:9      | Reached **** piety under Cheibriados
  9213 | D:9      | Noticed Gastronok
  9230 | D:9      | Killed Gastronok
  9331 | D:9      | Reached XP level 11. HP: 91/94 MP: 10/10
  9352 | D:9      | Found a staircase to the Lair.
 10013 | D:9      | Found a shimmering altar of Xom.
 10311 | Lair:1   | Entered Level 1 of the Lair of Beasts
 10377 | Lair:1   | Reached skill level 5 in Dodging
 10434 | Lair:1   | Reached skill level 10 in Maces & Flails
 10488 | Lair:1   | Reached ***** piety under Cheibriados
 10846 | Lair:1   | Noticed an eight-headed hydra
 10868 | Lair:1   | Killed an eight-headed hydra
 11017 | Lair:1   | Noticed a seven-headed hydra
 11026 | Lair:1   | Reached skill level 1 in Invocations
 11311 | Lair:1   | Noticed a six-headed hydra
 11317 | Lair:1   | Killed a six-headed hydra
 11318 | Lair:1   | Reached XP level 12. HP: 87/104 MP: 13/13
 11413 | Lair:1   | Killed a seven-headed hydra
 11414 | Lair:1   | Reached skill level 5 in Invocations
 11797 | Lair:1   | Learned a level 4 spell: Summon Ice Beast
 12040 | Lair:2   | Found a gate leading to a gauntlet.
 12076 | Gauntlet | Entered a Gauntlet
 12076 | Gauntlet | Found a transporter.
 12076 | Gauntlet | Found a transporter.
 12076 | Gauntlet | Found a transporter.
 12089 | Gauntlet | Found a transporter.
 12089 | Gauntlet | Found a transporter.
 12093 | Gauntlet | Found a runed translucent door.
 12095 | Gauntlet | Found a runed translucent door.
 12097 | Gauntlet | Found a transporter.
 12100 | Gauntlet | Found a transporter.
 12109 | Gauntlet | Found a transporter.
 12126 | Gauntlet | Found a transporter.
 12143 | Gauntlet | Found a transporter.
 12146 | Gauntlet | Found a transporter.
 12153 | Gauntlet | Noticed a tengu warrior
 12156 | Gauntlet | Found a transporter.
 12362 | Gauntlet | Killed a tengu warrior
 12375 | Gauntlet | Got Koaprimegg's Guide on Dusty Companions
 12379 | Gauntlet | Learned a level 2 spell: Passwall
 12769 | Gauntlet | Identified the +5 whip "Folorur" {drain, Str+7 Dex+2}
 12769 | Gauntlet | Noticed a minotaur
 12782 | Gauntlet | HP: 3/104 [minotaur (6)]
 12783 | Gauntlet | Slain by a minotaur

Illustrated notes

Levels and vault maps discovered:
D:1:      dpeg_arrival_tiny_f, layout_basic
D:2:      layout_rooms, dreamdust_ecumenical_altar_sealed_demon,
          uniq_crazy_yiuf_cottage
D:3:      layout_basic, mainiacjoe_overflow_concentric_impassable,
          minmay_checkerbox, uniq_natasha
D:4:      layout_loops_cross, uniq_pikel, uniq_edmund
D:5:      layout_loops_ring, mainiacjoe_overflow_chevrons,
          nicolae_overflow_hallway_of_the_gods, dk_yredelemnul_ordeal
D:6:      layout_rooms, kennysheep_mini
D:7:      layout_loops_ring, minmay_temple_entry_overgrown, serial_bayou_pond_e,
          minmay_misc_feat_roman, kennysheep_generic_room_14
D:8:      layout_layer_cave, nicolae_shop_sticking_my_neck_out,
          uniq_prince_ribbit1
D:9:      layout_irregular_city, mainiacjoe_overflow_catwalk, erik_lair_island,
          minmay_orc_entry_temple_small, hex_medium, kennysheep_diamond,
          uniq_gastronok, uniq_maggie, uniq_psyche, uniq_joseph
Temple:   jpeg_temple_clearing
Lair:1:   layout_roguey [special_room_bee], serial_bayou_pond_a,
          beast_lair_carwin_8
Lair:2:   layout_cave_shapes, gauntlet_entry_generic
Gauntlet: minmay_gauntlet_mixed_big_or_small [gammafunk_gauntlet_arena_spirals,
          minmay_gauntlet_arena_77_box, gammafunk_gauntlet_arena_hedges,
          minmay_gauntlet_arena_77_cramped, gammafunk_gauntlet_arena_chambers,
          minmay_gauntlet_arena_77_mess, gauntlet_exit_hidden_loot]

Skill      XL: |  1  2  3  4  5  6  7  8  9 10 11 12 |
---------------+-------------------------------------+-----
Armour         | 1 3 4 6 7 8 9 |  9.8
Dodging        | 3 4 6 |  6.3
Unarmed Combat | 4 |  4.2
Maces & Flails | 2 3 5 7 8 9 10 | 10.6
Fighting       | 4 8 9 |  9.0
Invocations    | 3 7 |  7.6
Stealth        | |  2.1

Action                   |  1- 3 |  4- 6 |  7- 9 | 10-12 || total
-------------------------+-------+-------+-------+-------++-------
Melee: Unarmed           |    67 |   135 |       |       ||   202
       Punch             |     1 |     3 |    11 |    10 ||    25
       Mace              |       |    25 |   260 |   399 ||   684
Throw: Dart              |       |       |       |    38 ||    38
Invok: Slouch            |       |       |       |     1 ||     1
Evoke: Wand              |       |       |     1 |    16 ||    17
       Phantom mirror    |       |       |       |     1 ||     1
  Use: Scroll            |     4 |     3 |     8 |     8 ||    23
       Potion            |       |     1 |       |     2 ||     3
 Stab: Sleeping          |     1 |     4 |     1 |     2 ||     8
       Distracted        |       |       |       |     1 ||     1
Armor: Robe              |    27 |    56 |     4 |       ||    87
       Scale mail        |       |       |   159 |   241 ||   400
Dodge: Dodged            |    41 |   112 |   183 |   391 ||   727
Block: Kite shield       |       |       |       |     7 ||     7

Table legend: (Time is in decaauts)
 A = Elapsed time spent in this place.
 B = Non-inter-level travel time spent in this place.
 C = Inter-level travel time spent in this place.
 D = Time resting spent in this place.
 E = Time spent auto-exploring this place.
 F = Levels seen in this place.
 G = Mean time per level.
                   A        B        C        D        E       F      G
               +--------+--------+--------+--------+--------+-----+--------+
         Total |  14876 |  14365 |    511 |   1652 |  10197 |  13 | 1144.3 |
       Dungeon |  11455 |  11085 |    370 |   1095 |   8337 |   9 | 1272.8 |
        Temple |    182 |     75 |    107 |      0 |     61 |   1 |  182.0 |
          Lair |   2259 |   2226 |     33 |    272 |   1553 |   2 | 1129.5 |
      Gauntlet |    980 |    980 |      0 |    285 |    246 |   1 |  980.0 |
               +--------+--------+--------+--------+--------+-----+--------+

Top non-repeatable levels by time:
     D:8: 2989 daAuts
  Lair:1: 2203 daAuts
     D:9: 1932 daAuts
     D:3: 1307 daAuts
     D:4: 1028 daAuts
     D:7: 1016 daAuts
     D:2: 981 daAuts
Gauntlet: 980 daAuts
     D:5: 846 daAuts
     D:6: 735 daAuts
     D:1: 617 daAuts
  Temple: 182 daAuts
  Lair:2: 55 daAuts
